 Dungeon Crawl Stone Soup version 0.19.4-10-g532645f (webtiles) character file.

59 Magnus the Insei (level 4, 0/38 HPs)
             Began as a Naga Transmuter on Feb 26, 2017.
             Succumbed to an adder's poison
             ... on level 2 of the Dungeon.
             The game lasted 00:05:08 (1763 turns).

Magnus the Insei (Naga Transmuter)                  Turns: 1763, Time: 00:05:08

Health: 0/38       AC:  2    Str: 12    XL:     4   Next: 3%
Magic:  7/7        EV: 10    Int: 13    God:
Gold:   81         SH:  0    Dex: 13    Spells: 1 memorised, 6 levels left

rFire  . . .     SeeInvis +       - Unarmed
rCold  . . .     Gourm    .     b - +0 robe
rNeg   . . .     Faith    .     (no shield)
rPois  +         Spirit   .     (no helmet)
rElec  .         Reflect  .     (no cloak)
rCorr  .         Harm     .     (no gloves)
MR     .....                    (no barding)
Stlth  +.........               (no amulet)
                                (no ring)
                                (no ring)

@: lethally poisoned (0 -> -2), short of breath, very slightly contaminated,
hasted, quick
A: see invisible, deformed body, poison resistance, slowness 2, slow metabolism
1, spit poison 1, AC +1
a: Spit Poison


You were on level 2 of the Dungeon.
You were full.

You visited 1 branch of the dungeon, and saw 2 of its levels.

You collected 81 gold pieces.

Inventory:

Missiles
 a - 36 arrows
Armour
 b - a +0 robe (worn)
Scrolls
 h - a scroll of fog {unknown}
 i - a scroll of magic mapping {unknown}
 j - 3 scrolls of identify {unknown}
Books
 c - a book of Changes

   Spells                             Type                      Level
   a - Beastly Appendage              Transmutation                1
   b - Sticks to Snakes               Transmutation                2
   c - Spider Form                    Transmutation/Poison         3
   d - Ice Form                       Ice/Transmutation            4
   e - Blade Hands                    Transmutation                5
Comestibles
 d - 3 bread rations
 g - a slice of pizza


   Skills:
 - Level 1.0 Fighting
 - Level 1.5 Dodging
 + Level 3.9 Unarmed Combat
 - Level 2.0 Spellcasting
 + Level 3.3 Transmutations


You had 6 spell levels left.
You knew the following spells:

 Your Spells              Type           Power        Failure   Level  Hunger
a - Beastly Appendage     Tmut           #.....       10%         1    ##.....


Dungeon Overview and Level Annotations

Branches:
Dungeon (2/15)

Altars:


Innate Abilities, Weirdness & Mutations

You cannot wear boots.
Your serpentine skin is tough. (AC +1)
You have supernaturally acute eyesight. (SInv)
Armour fits poorly on your strangely shaped body.
Your system is resistant to poisons. (rPois)
You cover ground very slowly.
You have a slow metabolism.
You can spit poison.


Message History

You feel agile.
You feel slightly more hungry.
* * * LOW HITPOINT WARNING * * *
You feel sick.
You start eating the meat ration.
Keep eating? [Y]es or [N]o only, please.
Keep eating? [Y]es or [N]o only, please.
Keep eating?
You continue eating.
The frilled lizard hisses angrily.
You continue eating.
You finish eating.
That meat ration really hit the spot!
Okay, then.
This spell is slightly dangerous to cast.
Memorise Spider Form, consuming 3 spell levels and leaving 3?
You start memorising the spell.
You continue memorising.
Your memorisation is interrupted.
You die...

# #.# #. #.# $#
#.###.### #.#
#.......# ...#
##..<....# ...#
#........# .l..
#.#......## #..#
# #.......##
###...#
#........# #.@.#
#......#.####)###
#......#...)<.#
........#..#####
.......###.>#
....... #..(#
...........#
...........†.
S.........##...


You could see a frilled lizard.

Vanquished Creatures
  2 adders (D:2)
  A worm (D:2)
  2 dart slugs
  A leopard gecko (D:1)
  3 bats
  A giant cockroach (D:1)
  7 goblins
  5 hobgoblins
  A kobold (D:1)
  A quokka (D:2)
  A frilled lizard (D:1)
  5 rats (D:1)
30 creatures vanquished.

Notes
Turn   | Place    | Note
-------+----------+-------------------------------------------
     0 | D:1      | Magnus the Naga Transmuter began the quest for the Orb.
     0 | D:1      | Reached XP level 1. HP: 18/18 MP: 3/3
   397 | D:1      | Reached XP level 2. HP: 18/25 MP: 5/5
   932 | D:1      | Reached XP level 3. HP: 27/31 MP: 6/6
  1755 | D:2      | HP: 1/31 [poisoned by an adder]
  1758 | D:2      | Reached XP level 4. HP: 2/38 MP: 7/7
  1763 | D:2      | Succumbed to an adder's poison

Skill      XL: |  1  2  3 |
---------------+----------+-----
Transmutations | 3 |  3.3
Fighting       | |  1.0
Dodging        | |  1.5
Unarmed Combat | |  3.9
Spellcasting   | |  2.0

Action                   |  1- 3 |  4- 6 || total
-------------------------+-------+-------++-------
Melee: Unarmed           |    90 |       ||    90
       Punch             |     4 |       ||     4
       Headbutt          |     6 |       ||     6
 Cast: Beastly Appendage |    14 |       ||    14
 Abil: Spit Poison       |    16 |     1 ||    17
  Use: Potion            |     1 |       ||     1
 Stab: Sleeping          |     1 |       ||     1
  Eat: Chunk             |     2 |       ||     2
       Meat ration       |       |     1 ||     1
Armor: Robe              |    16 |       ||    16
Dodge: Dodged            |    40 |       ||    40
